 Dungeon Crawl Stone Soup version 0.25.0-37-gb73750e (webtiles) character file.

Game seed: 17981472650733237571

356300 2bobheroes the Tortoise (level 22, -9/173 HPs)
             Began as a Gnoll Skald on July 8, 2020.
             Was the Champion of Okawaru.
             Killed from afar by a crystal guardian (47 damage)
             ... with a crystal bolt
             ... on level 4 of the Vaults on July 10, 2020.
             The game lasted 06:46:43 (74578 turns).

2bobheroes the Tortoise (Gnoll Skald)              Turns: 74578, Time: 06:46:47

Health: -9/173     AC: 30    Str: 15    XL:     22   Next: 34%
Magic:  23/36      EV: 28    Int: 22    God:    Okawaru [******]
Gold:   2278       SH:  0    Dex: 20    Spells: 9/50 levels left

rFire    . . .     SeeInvis +   q - +3 glaive (flame)
rCold    . . .     Gourm    .   (shield currently unavailable)
rNeg     . . .     Faith    +   F - +0 acid dragon scales
rPois    .         Spirit   .   g - +2 helmet {Int+3}
rElec    +         Reflect  .   f - +1 cloak {MR+}
rCorr    +         Harm     .   M - +2 pair of gloves
MR       ++...                  x - +2 pair of boots {Stlth+}
Stlth    ++++++++..             t - amulet of faith
HPRegen  0.38/turn              L - +4 ring of protection
MPRegen  0.25/turn              Q - ring "Pusugerie" {+Blink rElec SInv}

@: lethally poisoned (-9 -> -11), death channel, heroism, studying 2 skills
A: distributed training, fangs 1, low mp 1, strong nose
}: 2/15 runes: decaying, serpentine
a: Heroism, Finesse, Renounce Religion, Evoke Blink


You were on level 4 of the Vaults.
You worshipped Okawaru.
Okawaru was exalted by your worship.
You were not hungry.

You visited 7 branches of the dungeon, and saw 36 of its levels.
You also visited: Ossuary and Bailey.

You collected 4292 gold pieces.
You spent 2014 gold pieces at shops.

Inventory:

Hand Weapons
 k - a +0 fustibalus
 q - a +3 glaive of flaming (weapon)
 r - a +1 arbalest of freezing
 A - a +2 triple sword of draining
 H - a +0 longbow of freezing
 Y - a +3 rapier of draining
Missiles
 b - 17 curare-tipped darts
 c - 22 boomerangs
 m - 997 arrows
 o - 13 atropa-tipped darts (quivered)
 p - 1945 bolts
 B - 540 sling bullets
 D - 7 silver javelins
 R - 21 javelins
 S - 2 throwing nets
Armour
 f - a +1 cloak of magic resistance (worn)
 g - a +2 helmet of intelligence (worn)
 x - a +2 pair of boots of stealth (worn)
 F - +0 acid dragon scales (worn)
 M - a +2 pair of gloves (worn)
Jewellery
 h - an uncursed ring of protection from fire
 i - the ring of Jini {rElec rPois rF+ Int+4 Dex-3}
   (You bought it in a shop on level 1 of the Orcish Mines)

   [ring of protection from fire]

   It affects your intelligence (+4).
   It affects your dexterity (-3).
   It protects you from fire.
   It insulates you from electricity.
   It protects you from poison.
 t - an amulet of faith (around neck)
 E - an uncursed ring of wizardry
 L - a +4 ring of protection (left hand)
 Q - the ring "Pusugerie" (right hand) {+Blink rElec SInv}
   (You found it on level 1 of the Lair of Beasts)

   [ring of see invisible]

   It insulates you from electricity.
   It lets you see invisible.
   It lets you blink.
 T - an uncursed ring of flight
Wands
 y - a wand of polymorph (22)
 I - a wand of acid (8)
 O - a wand of paralysis (6)
 P - a wand of enslavement (48)
 V - a wand of clouds (3)
Scrolls
 e - 8 scrolls of fog
 j - 16 scrolls of teleportation
 u - a scroll of blinking
 J - 4 scrolls of vulnerability
 U - 4 scrolls of magic mapping
 W - 3 scrolls of identify
 Z - 16 scrolls of remove curse
Potions
 v - 17 potions of curing
 w - 7 potions of haste
 z - 4 potions of might
 C - 3 potions of berserk rage
 G - 4 potions of cancellation
Books
 s - a manual of
Armour
 K - a manual of Shields
Miscellaneous
 a - a box of beasts
 l - a phantom mirror
 N - a lightning rod (4/4)
 X - a phial of floods
Comestibles
 d - 33 rations


   Skills:
 + Level 14.4(19.4) Fighting
 + Level 13.8(18.8) Short Blades
 + Level 13.8(18.8) Long Blades
 + Level 13.8(18.8) Axes
 + Level 13.8(18.8) Maces & Flails
 + Level 14.4(19.4) Polearms
 + Level 13.8(18.8) Staves
 + Level 13.8(18.8) Slings
 + Level 13.8(18.8) Bows
 + Level 13.8(18.8) Crossbows
 + Level 13.8(18.8) Throwing
 + Level 16.9(21.9) Armour
 + Level 14.4(19.4) Dodging
 + Level 13.8(18.8) Stealth
 + Level 16.7(21.7) Shields
 + Level 13.8(18.8) Unarmed Combat
 + Level 14.5 Spellcasting
 + Level 11.9 Conjurations
 + Level 11.9 Hexes
 + Level 12.9 Charms
 + Level 11.9 Summonings
 + Level 11.9 Necromancy
 + Level 11.9 Translocations
 + Level 11.9 Transmutations
 + Level 11.9 Fire Magic
 + Level 11.9 Ice Magic
 + Level 11.9 Air Magic
 + Level 11.9 Earth Magic
 + Level 11.9 Poison Magic
 + Level 14.9 Invocations
 + Level 13.8 Evocations


You had 9 spell levels left.
You knew the following spells:

 Your Spells              Type           Power        Failure   Level  Hunger
a - Animate Skeleton      Necr           N/A          1%          1    None
b - Borgnjor's Vile Clut  Necr/Erth      ######....   1%          5    ###....
c - Shroud of Golubria    Chrm/Tloc      ######       1%          2    None
d - Spectral Weapon       Hex/Chrm       ######..     1%          3    None
e - Ozocubu's Armour      Chrm/Ice       ######..     1%          3    None
f - Animate Dead          Necr           N/A          1%          4    None
g - Ensorcelled Hibernat  Hex/Ice        ######       1%          2    None
h - Tukima's Dance        Hex            ######..     1%          3    None
i - Mephitic Cloud        Conj/Pois/Air  ######..     1%          3    None
j - Conjure Flame         Conj/Fire      ######..     1%          3    None
k - Death Channel         Necr           ######....   5%          6    #####..
l - Summon Butterflies    Summ           ######..     1%          1    None
m - Swiftness             Chrm/Air       ######..     1%          2    None
s - Infusion              Chrm           ####         1%          1    None
D - Song of Slaying       Chrm           ######..     1%          2    None

Your spell library contained the following spells:

 Spells                   Type           Power        Failure   Level  Hunger
 Apportation              Tloc           ######       1%          1    None
 Corona                   Hex            ######.      1%          1    None
 Magic Dart               Conj           ####         1%          1    None
 Pain                     Necr           ####         1%          1    None
 Shock                    Conj/Air       ####         1%          1    None
 Summon Small Mammal      Summ           ####         1%          1    None
 Corpse Rot               Necr/Air       N/A          1%          2    None
 Poisonous Vapours        Pois/Air       ######       1%          2    None
 Searing Ray              Conj           ######       1%          2    None
 Sublimation of Blood     Necr           ######....   1%          2    None
 Confusing Touch          Hex            ######..     1%          3    None
 Dazzling Flash           Conj/Hex       ######       1%          3    None
 Inner Flame              Hex/Fire       ######..     1%          3    None
 Lesser Beckoning         Tloc           ######....   1%          3    None
 Recall                   Summ/Tloc      N/A          1%          3    None
 Static Discharge         Conj/Air       ######..     1%          3    None
 Teleport Other           Tloc           ######..     1%          3    None
 Vampiric Draining        Necr           ######....   1%          3    None
 Airstrike                Air            ######....   1%          4    None
 Cause Fear               Hex            ######....   1%          4    None
 Dispel Undead            Necr           ######..     1%          4    None
 Fulminant Prism          Conj/Hex       ######....   1%          4    None
 Ice Form                 Ice/Tmut       ######..     1%          4    None
 Iskenderun's Mystic Bla  Conj/Tloc      ######..     1%          4    None
 Agony                    Necr           ######..     1%          5    ###....
 Alistair's Intoxication  Tmut/Pois      ######..     1%          5    ###....
 Excruciating Wounds      Chrm/Necr      ######....   1%          5    ###....
 Lightning Bolt           Conj/Air       ######....   1%          5    ###....
 Metabolic Englaciation   Hex/Ice        ######....   1%          5    ###....
 Silence                  Hex/Air        ######....   1%          5    ###....
 Yara's Violent Unravell  Hex/Tmut       ######....   1%          5    ###....
 Freezing Cloud           Conj/Ice/Air   ######....   5%          6    #####..
 Invisibility             Hex            ######..     5%          6    #####..
 Ozocubu's Refrigeration  Ice            ######....   5%          6    #####..
 Simulacrum               Ice/Necr       ######....   5%          6    #####..
 Ring of Flames           Chrm/Fire      ######....   24%         7    ######.
 Malign Gateway           Summ/Tloc      ######....   28%         7    ######.
 Discord                  Hex            ######....   92%         8    #######


Dungeon Overview and Level Annotations

Branches:
Dungeon (15/15)            Temple (1/1) D:7            Lair (6/6) D:8
  Swamp (4/4) Lair:4        Snake (4/4) Lair:4        Slime (0/5) Lair:5
    Orc (2/2) D:9             Elf (0/3) Orc:2        Vaults (4/5) D:13
  Crypt (0/3) Vaults:2     Depths (0/5) D:15        Ossuary (visited)
 Bailey (visited)

Altars:
Ashenzari
Cheibriados
Dithmenos
Elyvilon
Fedhas
Gozag
Hepliaklqana
Kikubaaqudgha
Makhleb
Nemelex Xobeh
Okawaru
Qazlal
Ru
Sif Muna
Trog
Uskayaw
Vehumet
Wu Jian
Xom
Yredelemnul
Zin
The Shining One

Shops:
D:5 [   Orc:1 *([   Orc:2 !*!}?   Snake:3 [

Annotations:
D:9 1 runed translucent door, Gadfly's ghost, journeyman DrTm
Lair:3 2 transporters, Yjeari's ghost, journeyman GrMo
Lair:5 1 runed translucent door, roflc0ptic's ghost, journeyman OpTm
Swamp:1 2 transporters
Swamp:3 2 transporters, Nicocat's ghost, adept DsIE
Snake:1 2 transporters, Icun's ghost, journeyman GnWr


Innate Abilities, Weirdness & Mutations

Your experience applies equally to all skills.
You have very sharp teeth.
Your uncanny sense of smell can sniff out nearby items.
Your magical capacity is low. (-10% MP)


Message History

You hear a shout!
Items here: $ ) [ † a +0 mace; a +0 ring mail; 21 gold pieces; a human corpse
Okay, then.
The zombie hands constrict the crystal guardian!
You feel sick.
You hear a screech!
You hear a shout!
Your spectral ironheart preserver hits the crystal guardian but does no damage.
The crystal guardian struggles to escape constriction.
Your spectral deep elf death mage hits the crystal guardian but does no damage.
Attack whom?
Press: ? - help, Dir - move target cursor, f/p - crystal guardian
Aim: a crystal guardian (severely damaged, constricted by zombie hands)
You reach to attack!
You hit the crystal guardian.
The crystal guardian is severely damaged.
The zombie hands constrict the crystal guardian!
Your spectral ironheart preserver hits the crystal guardian but does no damage.
The crystal guardian fires a crystalline bolt at you.
The crystal bolt freezes you!!!
You die...

### ∆ #)#
#.###@#
#.ZZ).#
#.#8#.# ∆
∆#Q#.#
#C### Oe
#########
#E
#.......#
∆ #e
#..=....#
#G
#....)).#


You could see a tengu reaver, a crystal guardian (clutched), a friendly spectral
deep elf death mage and a friendly spectral ironheart preserver.

Vanquished Creatures
  Frederick (Vaults:2)
  Bai Suzhen (Swamp:3)
  Nikola (Vaults:2)
  Rupert (Orc:2)
  4 thorn hunters
  Donald (Swamp:3)
  4 nagarajas
  2 deep elf sorcerers
  Aizul (Snake:3)
  5 vault wardens
  6 ironheart preservers
  2 very ugly things (Vaults:3)
  2 entropy weavers (Lair:5)
  6 stone giants
  4 deep elf demonologists
  2 deep elf death magi
  5 yaktaur captains
  A fire dragon (Lair:6)
  2 great orbs of eyes (Vaults:2)
  Harold (D:8)
  4 ice dragons
  A rakshasa (Vaults:1)
  6 vault guards
  15 naga warriors
  3 shambling mangroves
  2 ghost crabs
  3 catoblepae
  20 hydras
  4 death knights
  A queen ant (Lair:5)
  9 anacondas
  2 centaur warriors
  14 two-headed ogres
  5 ogre magi
  7 alligators
  An orc high priest (Orc:2)
  2 tengu warriors
  12 death yaks
  A deep troll earth mage (Vaults:2)
  10 naga sharpshooters
  13 shock serpents
  Nergalle (Lair:4)
  A deep elf knight (Vaults:1)
  A shadow wraith (Vaults:2)
  10 salamander mystics
  14 skeletal warriors
  A deep troll (Vaults:2)
  5 wizards
  A deep elf archer (Vaults:1)
  A lindwurm (shapeshifter) (Vaults:3)
  A spriggan druid (Swamp:3)
  An unseen horror (D:13)
  2 phantasmal warriors
  13 swamp dragons
  8 ironbrand convokers
  2 necromancers
  2 lindwurms (Snake:4)
  A sphinx zombie (D:15)
  6 naga ritualists
  10 orc knights
  A manticore (D:11)
  10 mana vipers
  An oklob plant (Lair:6)
  An orb spider (shapeshifter) (D:15)
  4 orc sorcerers
  20 salamanders
  3 elephants (Lair:6)
  4 deep elf magi
  18 ugly things
  6 cyclopes
  5 vault sentinels
  43 black mambas
  24 naga magi
  An eye of devastation (shapeshifter) (D:13)
  An iron dragon skeleton (D:15)
  8 guardian serpents
  19 spiny frogs
  A gargoyle (D:15)
  A kobold demonologist (D:7)
  5 rime drakes
  A rime drake (shapeshifter) (Vaults:1)
  2 efreet
  2 tengu conjurers
  4 komodo dragons
  4 freezing wraiths
  18 yaktaurs
  3 meliai
  5 trolls
  A polar bear (Lair:6)
  10 hornets
  24 slime creatures
  6 tyrant leeches
  22 blink frogs
  7 dream sheep (Lair:5)
  An ice dragon zombie (D:15)
  A human simulacrum (Vaults:1)
  8 bog bodies
  8 hippogriffs
  A stone giant simulacrum (Vaults:1)
  3 spriggans (Swamp:1)
  3 shadows
  2 water elementals (D:14)
  9 wraiths
  4 wyverns
  59 yaks
  A hog (shapeshifter) (D:13)
  16 humans
  3 hogs (D:7)
  7 basilisks
  2 hungry ghosts (D:15)
  18 vampire mosquitoes
  6 steam dragons
  11 insubstantial wisps
  44 nagas
  7 wargs
  26 soldier ants
  11 swamp worms
  3 acid dragons
  13 water moccasins
  9 porcupines
  2 ice beasts
  46 orc warriors
  3 black bears
  15 swamp drakes
  18 ogres
  3 sky beasts
  3 phantoms
  7 wolves
  18 centaurs
  11 crocodiles
  3 big kobolds
  A yaktaur zombie (D:15)
  13 bullfrogs
  A wyvern zombie (D:14)
  5 water moccasin zombies (Ossuary)
  6 scorpions
  A wyvern skeleton (D:10)
  17 killer bees
  4 wights
  4 howler monkeys
  A vampire bat (D:2)
  11 crimson imps
  A bullfrog zombie (D:6)
  5 centaur zombies
  A quasit (D:9)
  5 hounds
  15 orc priests
  Crazy Yiuf (D:6)
  4 centaur skeletons
  8 jellies
  Jessica (D:3)
  Natasha (thrice) (D:3)
  5 iguanas
  16 orc wizards
  26 worker ants
  2 big kobold zombies (Ossuary)
  A hound skeleton (D:4)
  2 mummies (Ossuary)
  Robin (D:2)
  18 adders
  11 shadow imps
  2 oozes (Lair:5)
  6 adder zombies (Ossuary)
  4 worms
  2 dart slugs
  5 leopard geckos
  89 orcs
  9 ball pythons
  7 bats
  A bat skeleton (D:2)
  4 bat zombies (D:2)
  10 giant cockroaches
  5 gnoll zombies
  10 goblins
  11 hobgoblins
  2 jackals (D:2)
  2 quokkas
  8 frilled lizards
  A giant cockroach zombie (D:5)
  4 hobgoblin zombies (Ossuary)
  18 kobolds
  4 kobold zombies (Ossuary)
  4 orc zombies (Ossuary)
  A quokka skeleton (D:9)
  A quokka zombie (D:7)
  8 rats
  2 fungi (Lair:5)
  A plant (Lair:5)
1369 creatures vanquished.

Vanquished Creatures (collateral kills)
  Asterion (Vaults:1)
  A thorn hunter (Swamp:3)
  An ancient champion (Vaults:2)
  5 nagarajas (Snake:4)
  A deep elf sorcerer (Vaults:2)
  A fire giant (Vaults:3)
  A frost giant (Vaults:3)
  A vault warden (Vaults:2)
  A curse skull (Vaults:2)
  2 ironheart preservers
  3 very ugly things (Vaults:3)
  A stone giant (Vaults:2)
  A deep elf demonologist (Vaults:2)
  A deep elf death mage (Vaults:3)
  2 yaktaur captains (Vaults:3)
  3 ogre magi
  A jiangshi (Vaults:2)
  3 hydras
  3 naga warriors
  A centaur warrior (D:14)
  A shambling mangrove (Swamp:3)
  6 anacondas
  An alligator (Swamp:1)
  8 two-headed ogres
  A deep troll earth mage (Vaults:2)
  4 shock serpents
  5 naga sharpshooters
  3 deep elf knights (Vaults:3)
  3 salamander mystics
  A deep troll (Vaults:2)
  An unseen horror (shapeshifter) (Vaults:4)
  3 swamp dragons
  A naga ritualist (Snake:4)
  A deep elf archer (Vaults:2)
  3 orc knights
  5 mana vipers
  2 lindwurms (Snake:4)
  2 deep elf magi
  A manticore (D:13)
  3 ugly things
  A cyclops (D:12)
  3 guardian serpents (Snake:4)
  A guardian serpent (shapeshifter) (Vaults:3)
  A black mamba (Snake:1)
  3 vault sentinels
  12 naga magi
  A centaur skeleton (D:13)
  3 spiny frogs
  7 yaktaurs
  A komodo dragon (Lair:6)
  A freezing wraith (Vaults:3)
  2 trolls (Vaults:2)
  A tyrant leech (Swamp:2)
  A hippogriff (D:11)
  3 hornets
  A slime creature (D:13)
  2 bog bodies (Swamp:1)
  A shadow (Vaults:2)
  A wyvern (Lair:3)
  2 basilisks
  3 yaks
  A human (D:13)
  2 vampire mosquitoes (Swamp:2)
  A hungry ghost (D:12)
  4 swamp worms
  An insubstantial wisp (Swamp:2)
  15 nagas
  An acid dragon (Lair:5)
  A warg (Vaults:2)
  A water moccasin (Lair:6)
  8 orc warriors
  2 swamp drakes
  6 ogres
  2 wolves (Lair:3)
  A crocodile (Lair:6)
  2 killer bees
  2 wights (D:11)
  A jelly (D:9)
  A worker ant (D:12)
  3 orcs
  A kobold (D:13)
  A plant (Lair:4)
197 creatures vanquished.

Vanquished Creatures (others)
  2 hydras
  A dancing weapon (Vaults:4)
  A swamp worm (Swamp:2)
  An orc warrior (D:9)
  An ogre (Vaults:3)
  An orc wizard (Vaults:3)
  A briar patch (Swamp:4)
  12 fungi
  14 plants
  9 spectral weapons
  2 withered plants (Lair:5)
45 creatures vanquished.

Grand Total: 1611 creatures vanquished

Notes
Turn   | Place    | Note
-------+----------+-------------------------------------------
     0 | D:1      | 2bobheroes the Gnoll Skald began the quest for the Orb.
     0 | D:1      | Reached XP level 1. HP: 20/20 MP: 6/6
   161 | D:1      | Reached XP level 2. HP: 26/26 MP: 7/7
   580 | D:1      | Reached XP level 3. HP: 31/31 MP: 9/9
   685 | D:2      | Reached skill level 5 in Spellcasting
  1341 | D:1      | Reached skill level 1 in Invocations
  1602 | D:2      | Learned a level 3 spell: Spectral Weapon
  1605 | D:2      | Learned a level 2 spell: Shroud of Golubria
  1608 | D:2      | Learned a level 2 spell: Song of Slaying
  1612 | D:2      | Learned a level 3 spell: Ozocubu's Armour
  1654 | D:2      | Reached skill level 1 in Short Blades
  1654 | D:2      | Reached skill level 1 in Long Blades
  1654 | D:2      | Reached skill level 1 in Axes
  1654 | D:2      | Reached skill level 1 in Maces & Flails
  1654 | D:2      | Reached skill level 1 in Staves
  1654 | D:2      | Reached skill level 1 in Slings
  1654 | D:2      | Reached skill level 1 in Bows
  1654 | D:2      | Reached skill level 1 in Crossbows
  1654 | D:2      | Reached skill level 1 in Throwing
  1654 | D:2      | Reached skill level 1 in Stealth
  1654 | D:2      | Reached skill level 1 in Shields
  1654 | D:2      | Reached skill level 1 in Unarmed Combat
  1654 | D:2      | Reached skill level 1 in Evocations
  1658 | D:2      | Reached XP level 4. HP: 38/38 MP: 7/11
  1697 | D:2      | Noticed Robin
  1723 | D:2      | Killed Robin
  2033 | D:2      | Reached skill level 1 in Conjurations
  2033 | D:2      | Reached skill level 1 in Hexes
  2033 | D:2      | Reached skill level 1 in Summonings
  2033 | D:2      | Reached skill level 1 in Necromancy
  2033 | D:2      | Reached skill level 1 in Translocations
  2033 | D:2      | Reached skill level 1 in Transmutations
  2033 | D:2      | Reached skill level 1 in Fire Magic
  2033 | D:2      | Reached skill level 1 in Ice Magic
  2033 | D:2      | Reached skill level 1 in Air Magic
  2033 | D:2      | Reached skill level 1 in Earth Magic
  2033 | D:2      | Reached skill level 1 in Poison Magic
  2263 | D:2      | Reached XP level 5. HP: 43/43 MP: 7/12
  2346 | D:2      | Found an ancient bone altar of Kikubaaqudgha.
  2661 | D:2      | Found a basalt altar of Yredelemnul.
  3171 | D:3      | Noticed Natasha
  3190 | D:3      | Killed Natasha
  3190 | D:3      | Reached XP level 6. HP: 30/50 MP: 8/13
  3507 | D:3      | Noticed Jessica
  3516 | D:3      | Killed Jessica
  3697 | D:3      | Noticed Natasha
  3705 | D:3      | Killed Natasha
  3771 | D:3      | Reached skill level 5 in Fighting
  3771 | D:3      | Reached skill level 5 in Polearms
  3771 | D:3      | Reached skill level 5 in Dodging
  3781 | D:3      | Learned a level 1 spell: Animate Skeleton
  3784 | D:3      | Learned a level 2 spell: Ensorcelled Hibernation
  3962 | D:3      | Noticed Natasha
  3979 | D:4      | Noticed a phantom
  4014 | D:4      | Killed a phantom
  4026 | D:4      | Reached XP level 7. HP: 39/56 MP: 2/15
  4441 | D:4      | Found a glowing golden altar of the Shining One.
  5286 | D:3      | Killed Natasha
  5302 | D:5      | Entered Level 5 of the Dungeon
  5350 | D:5      | Found a sand-covered staircase.
  5359 | Ossuary  | Entered an ossuary
  5810 | Ossuary  | Reached XP level 8. HP: 57/63 MP: 9/16
  6540 | D:5      | Found Rigrudee's Armour Boutique.
  6577 | D:5      | Found a blossoming altar of Fedhas.
  7651 | D:6      | Reached XP level 9. HP: 58/69 MP: 11/18
  8454 | D:6      | Found a runed translucent door.
  8455 | D:6      | Noticed Crazy Yiuf
  8770 | D:7      | Found a transporter.
  8774 | D:7      | Noticed a kobold demonologist
  8884 | D:7      | Reached skill level 5 in Armour
  8994 | D:7      | Found a transporter.
  9408 | D:7      | Found a shadowy altar of Dithmenos.
  9419 | D:7      | Reached skill level 5 in Invocations
  9490 | D:7      | Learned a level 3 spell: Tukima's Dance
  9494 | D:7      | Learned a level 3 spell: Mephitic Cloud
  9649 | D:7      | Reached XP level 10. HP: 62/77 MP: 8/20
  9960 | D:7      | Found a staircase to the Ecumenical Temple.
  9976 | Temple   | Entered the Ecumenical Temple
 10072 | Temple   | Became a worshipper of Warmaster Okawaru
 10132 | D:8      | Got a fine leather armour
 10153 | D:8      | Identified the +3 leather armour "Xuxty" {Harm rC+} (You
                  | found it on level 8 of the Dungeon)
 10382 | D:8      | Found a staircase to the Lair.
 10411 | D:8      | Reached skill level 5 in Short Blades
 10411 | D:8      | Reached skill level 5 in Long Blades
 10411 | D:8      | Reached skill level 5 in Axes
 10411 | D:8      | Reached skill level 5 in Maces & Flails
 10411 | D:8      | Reached skill level 5 in Staves
 10411 | D:8      | Reached skill level 5 in Slings
 10411 | D:8      | Reached skill level 5 in Bows
 10411 | D:8      | Reached skill level 5 in Crossbows
 10411 | D:8      | Reached skill level 5 in Throwing
 10411 | D:8      | Reached skill level 5 in Stealth
 10411 | D:8      | Reached skill level 5 in Shields
 10411 | D:8      | Reached skill level 5 in Unarmed Combat
 10411 | D:8      | Reached skill level 5 in Evocations
 10660 | D:8      | Noticed Harold
 11350 | Lair:1   | Entered Level 1 of the Lair of Beasts
 11480 | Lair:1   | Reached * piety under Okawaru
 11670 | Lair:1   | Reached ** piety under Okawaru
 11934 | Lair:1   | Got a fine brass ring
 11938 | Lair:1   | Identified the ring "Pusugerie" {+Blink rElec SInv} (You
                  | found it on level 1 of the Lair of Beasts)
 12963 | Lair:1   | Reached XP level 11. HP: 40/84 MP: 18/22
 13252 | Lair:2   | Reached *** piety under Okawaru
 13440 | Lair:2   | Reached skill level 5 in Conjurations
 13440 | Lair:2   | Reached skill level 5 in Hexes
 13440 | Lair:2   | Reached skill level 5 in Summonings
 13440 | Lair:2   | Reached skill level 5 in Necromancy
 13440 | Lair:2   | Reached skill level 5 in Translocations
 13440 | Lair:2   | Reached skill level 5 in Transmutations
 13440 | Lair:2   | Reached skill level 5 in Fire Magic
 13440 | Lair:2   | Reached skill level 5 in Ice Magic
 13440 | Lair:2   | Reached skill level 5 in Air Magic
 13440 | Lair:2   | Reached skill level 5 in Earth Magic
 13440 | Lair:2   | Reached skill level 5 in Poison Magic
 13759 | Lair:2   | Learned a level 3 spell: Conjure Flame
 14426 | Lair:2   | Reached **** piety under Okawaru
 15038 | Lair:3   | Received a gift from Okawaru
 15456 | Lair:3   | Received a gift from Okawaru
 15767 | Lair:3   | Found a transporter.
 15773 | Lair:3   | Found a transporter.
 15774 | Lair:3   | Noticed Yjeari's ghost (journeyman GrMo)
 16493 | Lair:4   | Found a staircase to the Snake Pit.
 16889 | Lair:4   | Reached XP level 12. HP: 43/93 MP: 17/24
 17358 | Lair:4   | Reached ***** piety under Okawaru
 17622 | Lair:4   | Noticed Nergalle
 17646 | Lair:4   | Killed Nergalle
 17918 | Lair:4   | Noticed a death yak
 17919 | Lair:4   | Noticed a death yak
 17920 | Lair:4   | Noticed a death yak
 17920 | Lair:4   | Noticed a death yak
 17936 | Lair:4   | Killed a death yak
 17936 | Lair:4   | Received a gift from Okawaru
 17966 | Lair:4   | Killed a death yak
 18437 | Lair:4   | Noticed an eight-headed hydra
 18446 | Lair:4   | Killed an eight-headed hydra
 18489 | Lair:4   | Found a staircase to the Swamp.
 18767 | Lair:4   | Killed a death yak
 18783 | Lair:4   | Killed a death yak
 19060 | Lair:5   | Found a staircase to the Slime Pits.
 19258 | Lair:5   | Noticed a catoblepas
 19304 | Lair:5   | Killed a catoblepas
 19491 | Lair:5   | Noticed a death yak
 19509 | Lair:5   | Noticed a death yak
 19510 | Lair:5   | Noticed a death yak
 19512 | Lair:5   | Noticed a death yak
 19518 | Lair:5   | Killed a death yak
 19573 | Lair:5   | Killed a death yak
 19867 | Lair:4   | Killed a death yak
 19867 | Lair:4   | Received a gift from Okawaru
 20086 | Lair:5   | Noticed an eight-headed hydra
 20103 | Lair:5   | Found a runed translucent door.
 20103 | Lair:5   | Noticed roflc0ptic's ghost (journeyman OpTm)
 20106 | Lair:5   | Killed an eight-headed hydra
 20359 | Lair:5   | Reached XP level 13. HP: 98/101 MP: 26/26
 20771 | Lair:5   | Noticed an entropy weaver
 20812 | Lair:5   | Received a gift from Okawaru
 21060 | Lair:5   | Noticed an entropy weaver
 21618 | Lair:5   | Killed an entropy weaver
 22246 | Lair:5   | Killed an entropy weaver
 23073 | Lair:6   | Entered Level 6 of the Lair of Beasts
 24370 | Lair:5   | Received a gift from Okawaru
 24914 | Lair:6   | Reached skill level 10 in Spellcasting
 24980 | Lair:6   | Reached XP level 14. HP: 106/109 MP: 25/28
 26061 | Lair:6   | Received a gift from Okawaru
 26061 | Lair:6   | Reached skill level 10 in Fighting
 26061 | Lair:6   | Reached skill level 10 in Polearms
 26061 | Lair:6   | Reached skill level 10 in Dodging
 26576 | Lair:6   | Reached ****** piety under Okawaru
 27079 | D:8      | Killed Harold
 27079 | D:8      | Received a gift from Okawaru
 27170 | D:6      | Killed Crazy Yiuf
 27533 | D:9      | Found a shimmering blue altar of Sif Muna.
 27614 | D:9      | Found a runed translucent door.
 27618 | D:9      | Noticed Gadfly's ghost (journeyman DrTm)
 27692 | D:9      | Found a stormy altar of Qazlal.
 27934 | D:9      | Found Wagism's Antique Weapon Emporium.
 27996 | D:9      | Found a glowing silver altar of Zin.
 28353 | D:9      | Found a staircase to the Orcish Mines.
 28424 | D:9      | Got a pair of heavily runed boots
 28435 | D:9      | Identified the cursed +0 pair of boots of Optimism {rElec
                  | rPois} (You found it on level 9 of the Dungeon)
 28471 | Orc:1    | Entered Level 1 of the Orcish Mines
 28482 | Orc:1    | Found Wycoypaa's Assorted Antiques.
 28496 | Orc:1    | Bought a flickering tin ring for 130 gold pieces
 28496 | Orc:1    | Bought a scroll of identify for 52 gold pieces
 28496 | Orc:1    | Bought a scroll of identify for 52 gold pieces
 28496 | Orc:1    | Bought an opal-encrusted scale mail for 234 gold pieces
 28496 | Orc:1    | Bought a potion of haste for 260 gold pieces
 28567 | D:9      | Identified the ring of Jini {rElec rPois rF+ Int+4 Dex-3}
                  | (You bought it in a shop on level 1 of the Orcish Mines)
 28585 | D:9      | Identified the +5 scale mail of the Everdark {*Drain Dex+8
                  | Slay-3 SInv} (You bought it in a shop on level 1 of the
                  | Orcish Mines)
 28685 | Orc:2    | Entered Level 2 of the Orcish Mines
 28787 | Orc:2    | Gained mutation: Your magical capacity is low. (-10% MP) [a
                  | neqoxec]
 29286 | Orc:1    | Reached skill level 10 in Invocations
 30601 | Orc:2    | Noticed Rupert
 30627 | Orc:2    | Killed Rupert
 30679 | Orc:2    | Found Mibony's Distillery.
 30900 | Orc:2    | Found Salukhel's Distillery.
 30900 | Orc:2    | Found Koasyufu's Gadget Emporium.
 30902 | Orc:2    | Found Tuschu's Magic Scroll Shoppe.
 30904 | Orc:2    | Found Ovoheck's General Store.
 30909 | Orc:2    | Bought a scroll of identify for 34 gold pieces
 30909 | Orc:2    | Bought a potion of heal wounds for 85 gold pieces
 30914 | Orc:2    | Bought a scroll of teleportation for 42 gold pieces
 30914 | Orc:2    | Bought a scroll of teleportation for 42 gold pieces
 30918 | Orc:2    | Bought 2 potions of heal wounds for 150 gold pieces
 30918 | Orc:2    | Bought a potion of curing for 45 gold pieces
 30918 | Orc:2    | Bought a potion of haste for 150 gold pieces
 30918 | Orc:2    | Bought a potion of might for 60 gold pieces
 30920 | Orc:2    | Bought a scroll of enchant weapon for 127 gold pieces
 31308 | Orc:2    | Bought a potion of curing for 33 gold pieces
 31308 | Orc:2    | Bought a potion of haste for 110 gold pieces
 31308 | Orc:2    | Bought a potion of might for 44 gold pieces
 31308 | Orc:2    | Bought a potion of heal wounds for 55 gold pieces
 31308 | Orc:2    | Bought 3 potions of curing for 99 gold pieces
 31718 | Orc:2    | Found a staircase to the Elven Halls.
 32001 | Orc:1    | Found Virphun's Weapon Boutique.
 32013 | Orc:1    | Bought a +0 fustibalus for 210 gold pieces
 32562 | Orc:1    | Found Wita's Armour Boutique.
 32731 | D:10     | Entered Level 10 of the Dungeon
 32772 | D:10     | Found a flagged portal.
 32781 | Bailey   | Entered a bailey
 33670 | Bailey   | Reached XP level 15. HP: 89/117 MP: 19/26
 34268 | D:10     | Reached skill level 10 in Armour
 35883 | D:12     | Learned a level 5 spell: Borgnjor's Vile Clutch
 35888 | D:12     | Learned a level 4 spell: Animate Dead
 35978 | D:12     | Found a shimmering altar of Xom.
 36250 | D:12     | Reached skill level 10 in Shields
 36314 | D:12     | Found an ornate altar of the Wu Jian Council.
 37103 | D:12     | Received a gift from Okawaru
 37103 | D:12     | Reached skill level 10 in Charms
 37343 | D:13     | Reached skill level 10 in Short Blades
 37343 | D:13     | Reached skill level 10 in Long Blades
 37343 | D:13     | Reached skill level 10 in Axes
 37343 | D:13     | Reached skill level 10 in Maces & Flails
 37343 | D:13     | Reached skill level 10 in Staves
 37343 | D:13     | Reached skill level 10 in Slings
 37343 | D:13     | Reached skill level 10 in Bows
 37343 | D:13     | Reached skill level 10 in Crossbows
 37343 | D:13     | Reached skill level 10 in Throwing
 37343 | D:13     | Reached skill level 10 in Stealth
 37343 | D:13     | Reached skill level 10 in Unarmed Combat
 37343 | D:13     | Reached skill level 10 in Evocations
 37343 | D:13     | Reached XP level 16. HP: 98/125 MP: 26/28
 37790 | D:13     | Paralysed by a wizard for 2 turns
 37901 | D:13     | Found a gate to the Vaults.
 37947 | D:13     | Received a gift from Okawaru
 39864 | D:14     | Identified the cursed +1 chain mail of the Assorted Hosts
                  | {rElec Int+4}
 40796 | D:15     | Entered Level 15 of the Dungeon
 40796 | D:15     | Found a staircase to the Depths.
 41052 | D:15     | Identified the +2 robe "Nuwk" {SInv}
 41237 | D:14     | Reached XP level 17. HP: 104/131 MP: 26/29
 42875 | D:15     | Received a gift from Okawaru
 43585 | Swamp:1  | Entered Level 1 of the Swamp
 43960 | Swamp:1  | Paralysed by a hornet for 1 turns
 44202 | Swamp:1  | Found a transporter.
 44387 | Swamp:1  | Received a gift from Okawaru
 44478 | Swamp:1  | Found a transporter.
 44800 | Swamp:2  | Reached XP level 18. HP: 140/140 MP: 30/30
 44808 | Swamp:2  | Learned a level 6 spell: Death Channel
 44921 | Swamp:2  | Received a gift from Okawaru
 45137 | Swamp:2  | Learned a level 1 spell: Summon Butterflies
 45140 | Swamp:2  | Learned a level 2 spell: Swiftness
 45594 | Swamp:2  | Received a gift from Okawaru
 46236 | Swamp:3  | Found a transporter.
 46236 | Swamp:3  | Found a transporter.
 46456 | Swamp:3  | Identified the +5 quick blade of Destiny {flame, *Slow
                  | Fragile rN+++ Dex+6}
 46463 | Swamp:3  | Found a bloodstained altar of Trog.
 46463 | Swamp:3  | Noticed Nicocat's ghost (adept DsIE)
 46473 | Swamp:3  | Identified the +6 demon whip "Demonbane" {protect, rF-
                  | rN+++ Str-5 Dex+8}
 47837 | Swamp:3  | Received a gift from Okawaru
 48143 | Swamp:4  | Entered Level 4 of the Swamp
 48270 | Swamp:4  | Noticed Bai Suzhen
 49473 | Swamp:3  | Received a gift from Okawaru
 49671 | Swamp:3  | Reached XP level 19. HP: 126/146 MP: 31/31
 49966 | Swamp:4  | Noticed Donald
 49989 | Swamp:3  | Killed Bai Suzhen
 50304 | Swamp:3  | Killed Donald
 50637 | Swamp:4  | Reached skill level 10 in Conjurations
 50637 | Swamp:4  | Reached skill level 10 in Hexes
 50637 | Swamp:4  | Reached skill level 10 in Summonings
 50637 | Swamp:4  | Reached skill level 10 in Necromancy
 50637 | Swamp:4  | Reached skill level 10 in Translocations
 50637 | Swamp:4  | Reached skill level 10 in Transmutations
 50637 | Swamp:4  | Reached skill level 10 in Fire Magic
 50637 | Swamp:4  | Reached skill level 10 in Ice Magic
 50637 | Swamp:4  | Reached skill level 10 in Air Magic
 50637 | Swamp:4  | Reached skill level 10 in Earth Magic
 50637 | Swamp:4  | Reached skill level 10 in Poison Magic
 51094 | Swamp:4  | Received a gift from Okawaru
 51866 | Swamp:4  | Got a decaying rune of Zot
 52040 | Snake:1  | Entered Level 1 of the Snake Pit
 52408 | Snake:1  | Noticed Icun's ghost (journeyman GnWr)
 52409 | Snake:1  | Found the +8 arc blade {discharge, rElec}
 52800 | Snake:1  | Found a transporter.
 52847 | Snake:1  | Received a gift from Okawaru
 53513 | Snake:1  | Found a transporter.
 56859 | Snake:2  | Received a gift from Okawaru
 57761 | Snake:2  | Identified the amulet "Xacoitsoam" {Inacc rPois Int+6 SInv
                  | Stlth-} (You found it on level 2 of the Snake Pit)
 57975 | Snake:2  | Received a gift from Okawaru
 58140 | Snake:2  | Identified the +5 plate armour of Raesyhah {Harm +Blink
                  | MP+9 Stlth-} (You found it on level 2 of the Snake Pit)
 58296 | Snake:3  | Found Haiss's Armour Emporium.
 58318 | Snake:3  | Received a gift from Okawaru
 58425 | Snake:3  | Reached XP level 20. HP: 149/156 MP: 33/33
 59194 | Snake:3  | Received a gift from Okawaru
 59361 | Snake:3  | Identified the +1 leather armour "Trusted Companion"
                  | {*Drain rC+ Dex+4 Slay+2} (You found it on level 3 of the
                  | Snake Pit)
 59955 | Snake:3  | Noticed Aizul
 59980 | Snake:3  | Killed Aizul
 60820 | Snake:3  | Identified the Disquisition on Torrid Dislocation
 61081 | Snake:4  | Entered Level 4 of the Snake Pit
 61694 | Snake:4  | Received a gift from Okawaru
 61708 | Snake:4  | Identified the -4 pair of gloves of the Nexus {Harm *Drain
                  | Str+4 Stlth+} (Okawaru gifted it to you on level 4 of the
                  | Snake Pit)
 61763 | Snake:4  | Reached skill level 15 in Armour
 62526 | Snake:4  | Reached skill level 15 in Shields
 63855 | Snake:4  | Received a gift from Okawaru
 64357 | Snake:4  | Got a serpentine rune of Zot
 64873 | Vaults:1 | Entered Level 1 of the Vaults
 65353 | Vaults:1 | Received a gift from Okawaru
 65353 | Vaults:1 | Reached XP level 21. HP: 137/163 MP: 29/34
 65414 | Vaults:1 | Noticed Asterion
 66900 | Vaults:1 | Received a gift from Okawaru
 67019 | Vaults:1 | Killed Asterion
 68331 | Vaults:2 | Received a gift from Okawaru
 68442 | Vaults:2 | Received a gift from Okawaru
 68467 | Vaults:2 | Found a staircase to the Crypt.
 68490 | Vaults:2 | Received a gift from Okawaru
 68607 | Vaults:2 | Noticed Frederick
 69121 | Vaults:2 | Noticed Nikola
 69135 | Vaults:2 | Killed Nikola
 69135 | Vaults:2 | Received a gift from Okawaru
 70128 | Vaults:2 | Killed Frederick
 71006 | Vaults:3 | Received a gift from Okawaru
 71184 | Vaults:3 | Received a gift from Okawaru
 71281 | Vaults:3 | Received a gift from Okawaru
 71298 | Vaults:3 | Reached XP level 22. HP: 105/172 MP: 23/36
 71306 | Vaults:3 | Received a gift from Okawaru
 72295 | Vaults:3 | Received a gift from Okawaru
 72701 | Vaults:3 | Received a gift from Okawaru
 73261 | Vaults:3 | Received a gift from Okawaru
 73288 | Vaults:3 | Identified the +1 ring mail of Compression {rN+ Str+6} (You
                  | found it on level 3 of the Vaults)
 73700 | Vaults:4 | Received a gift from Okawaru
 73935 | Vaults:4 | Received a gift from Okawaru
 74578 | Vaults:4 | Killed from afar by a crystal guardian

Illustrated notes

Levels and vault maps discovered:
D:1:      wander_arrival_estate, layout_rooms
D:2:      minmay_recursive_quarters, layout_basic,
          lemuel_zombie_altar_yredelemnul, kennysheep_vampire_church, uniq_robin
D:3:      layout_basic, uniq_natasha, uniq_jessica
D:4:      layout_loops_ring, nicolae_tso_carved_into_rock, first_ration,
          st_stairs_8, chequers_serial_rivers_micro_b
D:5:      layout_loops_ring, old_standard_altar, portal_sewer_entry_a,
          chequers_ossuary_entry_cave, serial_shops, kennysheep_mini
D:6:      kennysheep_steamy, layout_basic, uniq_crazy_yiuf_cottage
D:7:      gammafunk_wand_slinger, layout_cave_pools, lemuel_round_altar,
          minmay_temple_entry_glassed_door, grunt_livestock
D:8:      layout_basic, lair_entry_dummy, uniq_harold
D:9:      layout_rooms, lemuel_blue_sif_altar, zin_statuary,
          grunt_qazlal_sundering, erik_orc_1, serial_shops, shop,
          ebering_ghost_reflecting_pool
D:10:     layout_loops_ring, enter_bailey_8
D:11:     layout_roguey
D:12:     layout_irregular_city, basic_altar, david_defended_altar_elf
D:13:     layout_rooms, grunt_vaults_entry_tiered
D:14:     layout_cross, serial_bayou_shore_a
D:15:     gammafunk_depths_entry_grave, layout_loops_ring, dk_noncrumbling_3
Temple:   nicolae_temple_great_sept
Lair:1:   layout_cave_pods
Lair:2:   layout_cave_pods
Lair:3:   layout_chaotic_city, gammafunk_ghost_hive, grunt_megastairs_2
Lair:4:   layout_long_grid, skrybe_swamp_entry_bodies,
          minmay_snake_entry_six_corridors, uniq_nergalle
Lair:5:   layout_long_grid, nicolae_slime_entry_slimehenge,
          gammafunk_ghost_grave, minivault_29
Lair:6:   guppyfry_lair_end_dragon, layout_long_grid, kennysheep_basilisk_garden
Swamp:1:  gammafunk_its_a_trap, layout_basic_swamp, nicolae_swamp_dense_foliage
Swamp:2:  layout_basic_swamp, evilmike_swamp_ruin_house_1
Swamp:3:  layout_basic_swamp, gammafunk_ghost_wrathful_warriors,
          hangedman_swamp_ruin_wall
Swamp:4:  swamp_alternative, layout_basic_swamp, infiniplex_staircase_pool_2,
          uniq_donald, uniq_bai_suzhen
Snake:1:  layout_layer_cave, gammafunk_ghost_berserking_beasts
Snake:2:  cheibrodos_snake_lava_hold, layout_misc_corridors
Snake:3:  kennysheep_snake, layout_onion_interference, serial_shops,
          shop_statue, uniq_aizul
Snake:4:  snake_pit_salamanders_mu, layout_rooms, nicolae_snake_double_loop,
          grunt_ministairs_2
Orc:1:    layout_diamond_mine, serial_shops, nicolae_shop_waterfront, shop,
          nicolae_shop_crystal, statue_in_the_mist_lemuel
Orc:2:    st_orc_rangers, layout_caves, guppyfry_orc_lava_fort, uniq_rupert
Vaults:1: nicolae_vaults_network_star, nicolae_vaults_ring_of_whatevers,
          nicolae_vaults_mini_display_case, ontoclasm_vaults_ring_square,
          hangedman_vaults_stretched_pinwheel, grunt_vaults_focal,
          nicolae_vaults_little_squares_4, nicolae_vaults_ring_of_whatevers,
          v_misc_27, layout_vaults_big_room, uniq_asterion
Vaults:2: grunt_vaults_funnel, vaults_room_ringed_pool, v_misc_4,
          vaults_room_fours, nicolae_vaults_back_hallway,
          minmay_crypt_entry_simple_statues, hangedman_vaults_river_flow,
          vaults_mumra_chevron, vaults_room_pool, layout_vaults_omnigrid,
          uniq_nikola, uniq_frederick
Vaults:3: v_misc_13, hangedman_vaults_nails, ontoclasm_vaults_spin,
          nicolae_vaults_twisting_passages, v_pattern_2, v_misc_15,
          vaults_dpeg_diagonal, v_misc_28, vaults_room_door_ring,
          layout_vaults_omnibox
Vaults:4: ontoclasm_vaults_loading_screen, nicolae_vaults_branching_niches,
          v_misc_1, hangedman_vaults_stitches, v_rooms_1,
          vaults_mumra_minichess_inversion, nicolae_vaults_theta,
          layout_vaults_omnicross, serial_shops, shop

Skill      XL: |  1  2  3  4  5  6  7  8  9 10 11 12 13 14 15 16 17 18 19 20 21 |
---------------+----------------------------------------------------------------+-----
Spellcasting   | 5 6 7 8 9 10 11 12 13 14 | 14.5
Invocations    | 1 2 3 4 5 6 7 8 9 10 11 12 13 14 | 14.9
Short Blades   | 1 2 3 4 5 6 7 8 9 10 11 12 13 | 13.8
Long Blades    | 1 2 3 4 5 6 7 8 9 10 11 12 13 | 13.8
Axes           | 1 2 3 4 5 6 7 8 9 10 11 12 13 | 13.8
Maces & Flails | 1 2 3 4 5 6 7 8 9 10 11 12 13 | 13.8
Staves         | 1 2 3 4 5 6 7 8 9 10 11 12 13 | 13.8
Slings         | 1 2 3 4 5 6 7 8 9 10 11 12 13 | 13.8
Bows           | 1 2 3 4 5 6 7 8 9 10 11 12 13 | 13.8
Crossbows      | 1 2 3 4 5 6 7 8 9 10 11 12 13 | 13.8
Throwing       | 1 2 3 4 5 6 7 8 9 10 11 12 13 | 13.8
Stealth        | 1 2 3 4 5 6 7 8 9 10 11 12 13 | 13.8
Shields        | 1 2 3 4 5 6 7 8 9 10 11 12 13 14 15 16 | 16.7
Unarmed Combat | 1 2 3 4 5 6 7 8 9 10 11 12 13 | 13.8
Evocations     | 1 2 3 4 5 6 7 8 9 10 11 12 13 | 13.8
Conjurations   | 1 2 3 4 5 6 7 8 9 10 11 | 11.9
Hexes          | 1 2 3 4 5 6 7 8 9 10 11 | 11.9
Summonings     | 1 2 3 4 5 6 7 8 9 10 11 | 11.9
Necromancy     | 1 2 3 4 5 6 7 8 9 10 11 | 11.9
Translocations | 1 2 3 4 5 6 7 8 9 10 11 | 11.9
Transmutations | 1 2 3 4 5 6 7 8 9 10 11 | 11.9
Fire Magic     | 1 2 3 4 5 6 7 8 9 10 11 | 11.9
Ice Magic      | 1 2 3 4 5 6 7 8 9 10 11 | 11.9
Air Magic      | 1 2 3 4 5 6 7 8 9 10 11 | 11.9
Earth Magic    | 1 2 3 4 5 6 7 8 9 10 11 | 11.9
Poison Magic   | 1 2 3 4 5 6 7 8 9 10 11 | 11.9
Armour         | 3 4 5 6 7 8 9 10 11 12 13 14 15 16 | 16.9
Fighting       | 5 6 7 8 9 10 11 12 13 14 | 14.4
Polearms       | 5 6 7 8 9 10 11 12 13 14 | 14.4
Dodging        | 5 6 7 8 9 10 11 12 13 14 | 14.4
Charms         | 6 7 8 9 10 11 12 | 12.9

Action                   |  1- 3 |  4- 6 |  7- 9 | 10-12 | 13-15 | 16-18 | 19-21 | 22-24 || total
-------------------------+-------+-------+-------+-------+-------+-------+-------+-------++-------
Melee: Spear             |   159 |   239 |   673 |   131 |       |       |       |       ||  1202
       Bite              |    19 |    22 |    92 |    91 |   190 |   174 |   213 |    39 ||   840
       Punch             |       |     1 |     5 |    31 |    69 |       |     1 |     2 ||   109
       Unarmed           |       |    11 |       |     3 |    11 |     2 |       |       ||    27
       Trident           |       |       |       |   527 |   400 |       |       |       ||   927
       Rapier            |       |       |       |       |   460 |       |    65 |    10 ||   535
       Glaive            |       |       |       |       |   430 |   665 |   419 |   123 ||  1637
       Great sword       |       |       |       |       |   167 |   416 |       |       ||   583
       Triple sword      |       |       |       |       |       |     1 |   814 |    90 ||   905
 Fire: Shortbow          |       |       |       |    93 |   225 |       |       |       ||   318
       Hunting sling     |       |       |       |    37 |    37 |       |       |       ||    74
       Arbalest          |       |       |       |       |       |    12 |    57 |       ||    69
       Longbow           |       |       |       |       |       |    16 |   237 |     8 ||   261
Throw: Stone             |       |       |    37 |    28 |    39 |       |       |       ||   104
       Dart              |       |       |       |       |   250 |     4 |    32 |       ||   286
       Javelin           |       |       |       |       |    28 |     7 |    16 |       ||    51
       Boomerang         |       |       |       |       |    15 |   124 |   100 |       ||   239
 Cast: Infusion          |     1 |    17 |    30 |    49 |     8 |       |     2 |       ||   107
       Spectral Weapon   |     1 |     1 |    12 |    40 |    12 |     3 |     3 |       ||    72
       Shroud of Golubri |       |       |     2 |     4 |     4 |       |     2 |       ||    12
       Song of Slaying   |       |       |     2 |       |     1 |       |       |       ||     3
       Ozocubu's Armour  |       |       |     1 |       |       |       |       |       ||     1
       Ensorcelled Hiber |       |       |       |     1 |     2 |       |       |       ||     3
       Conjure Flame     |       |       |       |     5 |     1 |       |       |       ||     6
       Animate Skeleton  |       |       |       |     3 |    79 |    50 |    87 |    19 ||   238
       Mephitic Cloud    |       |       |       |     3 |     2 |       |     3 |       ||     8
       Tukima's Dance    |       |       |       |       |     3 |       |     5 |     3 ||    11
       Animate Dead      |       |       |       |       |       |    15 |    36 |     3 ||    54
       Borgnjor's Vile C |       |       |       |       |       |     2 |    17 |     4 ||    23
       Death Channel     |       |       |       |       |       |       |    30 |     7 ||    37
Invok: Heroism           |       |       |       |    16 |    69 |    42 |    72 |     5 ||   204
       Finesse           |       |       |       |       |     1 |     1 |     2 |       ||     4
 Abil: Evoke Blink       |       |       |       |    10 |     2 |     6 |    13 |       ||    31
       Evoke Flight      |       |       |       |       |       |     1 |       |       ||     1
Evoke: Wand              |       |       |       |     1 |     3 |     1 |     2 |       ||     7
  Use: Potion            |       |     3 |       |       |     6 |     3 |     9 |       ||    21
       Scroll            |       |    10 |     5 |     6 |    14 |    11 |    13 |     1 ||    60
 Stab: Sleeping          |       |     1 |    17 |    14 |    39 |    15 |    49 |     5 ||   140
       Distracted        |       |       |     3 |     4 |     7 |    12 |    33 |     5 ||    64
       Confused          |       |       |       |     1 |       |     1 |     1 |       ||     3
       Invisible         |       |       |       |       |    12 |       |     7 |       ||    19
       Petrified         |       |       |       |       |     4 |       |       |       ||     4
  Eat: Chunk             |     2 |     8 |    12 |    16 |    36 |    17 |    21 |    13 ||   125
       Ration            |       |       |     2 |     6 |     6 |     8 |    17 |       ||    39
Armor: Leather armour    |    20 |    39 |   134 |    48 |       |       |       |       ||   241
       Skin              |       |    49 |       |       |       |       |       |       ||    49
       Ring mail         |       |       |       |   125 |    64 |       |       |       ||   189
       Acid dragon scale |       |       |       |       |   402 |   563 |   587 |    43 ||  1595
Dodge: Dodged            |   100 |   140 |   334 |   401 |  1452 |  1442 |  1579 |   141 ||  5589
       Rpst.: Great sword |       |       |       |       |    48 |   120 |       |       ||   168
       Triple sword      |       |       |       |       |       |     2 |   183 |    19 ||   204
